TOP OF THE 1ST |
Lakewood BlueClaws batting - Pitching for Greensboro Grasshoppers : RHP Javy Balderrama
|
Pitching: RHP Javy Balderrama
|
|
Batting: RHB Joe Hewitt
|
0-0: Ball 1-0: Ball 2-0: Ball 3-0: Called Strike 3-1: DOUBLE (Line Drive, 3D, EV 100.0 MPH)
|
Batting: RHB Vaclav Been
|
0-0: Called Strike 0-1: Ball 1-1: Swinging Strike 1-2: Foul Ball, location: 2F 1-2: Ball 2-2: Ball 3-2: Fly out, F6 (Popup, 6MS, EV 59.4 MPH)
|
Batting: SHB Ben Myers
|
0-0: Called Strike 0-1: Fly out, F1 (Line Drive, P, EV 70.0 MPH)
|
Batting: LHB Eric Farren
|
0-0: Swinging Strike 0-1: Called Strike 0-2: Strikes out swinging
|
Top of the 1st over - 0 runs, 1 hit, 0 errors, 1 left on base; Lakewood 0 - Greensboro 0 |
BOTTOM OF THE 1ST |
Greensboro Grasshoppers batting - Pitching for Lakewood BlueClaws : RHP Danny Zuniga
|
Pitching: RHP Danny Zuniga
|
|
Batting: LHB David Doge
|
0-0: Ball 1-0: SINGLE (Flyball, 8RS, EV 83.1 MPH)
|
Batting: RHB Akira Suzuki
|
0-0: Called Strike 0-1: Swinging Strike 0-2: Ball 1-2: Ball 2-2: Grounds into double play, 4-6-3 (Groundball, 4, EV 80.0 MPH)
|
Batting: RHB Manuel Taveras
|
0-0: Ball 1-0: Called Strike 1-1: Foul Ball, location: 2F 1-2: Fly out, F7 (Flyball, 78M, EV 98.1 MPH)
|
Bottom of the 1st over - 0 runs, 1 hit, 0 errors, 0 left on base; Lakewood 0 - Greensboro 0 |
TOP OF THE 2ND |
Lakewood BlueClaws batting - Pitching for Greensboro Grasshoppers : RHP Javy Balderrama
|
Batting: SHB Gabe Fraunfelder
|
0-0: Called Strike 0-1: Foul Ball, location: 2F 0-2: Foul Ball, location: 2F 0-2: Ball 1-2: Ball 2-2: Fly out, F4 (Line Drive, 4, EV 70.6 MPH)
|
Batting: RHB Frank Ramirez
|
0-0: Ball 1-0: Ball 2-0: Called Strike 2-1: Called Strike 2-2: Ground out 6-3 (Groundball, 6, EV 83.8 MPH)
|
Batting: RHB Marcus Dawson
|
0-0: Ball 1-0: Ball 2-0: Called Strike 2-1: Foul Ball, location: 2F 2-2: Strikes out looking
|
Top of the 2nd over - 0 runs, 0 hits, 0 errors, 0 left on base; Lakewood 0 - Greensboro 0 |
BOTTOM OF THE 2ND |
Greensboro Grasshoppers batting - Pitching for Lakewood BlueClaws : RHP Danny Zuniga
|
Batting: SHB Matt Moore
|
0-0: Ball 1-0: Ball 2-0: Ball 3-0: Called Strike 3-1: Ground out 2-3 (Groundball, 2L, EV 70.6 MPH)
|
Batting: RHB Nate Crofts
|
0-0: Ball 1-0: SOLO HOME RUN (Flyball, 78XD, EV 115.0 MPH), Distance : 422 ft
|
Batting: RHB Jim Fisher
|
0-0: Ball 1-0: Called Strike 1-1: Fly out, F3 (Popup, 3S, EV 83.8 MPH)
|
Batting: RHB Dennis Coppolino
|
0-0: Ball 1-0: Ball 2-0: Called Strike 2-1: Foul Ball, location: 2F 2-2: Strikes out looking
|
Bottom of the 2nd over - 1 run, 1 hit, 0 errors, 0 left on base; Lakewood 0 - Greensboro 1 |
TOP OF THE 3RD |
Lakewood BlueClaws batting - Pitching for Greensboro Grasshoppers : RHP Javy Balderrama
|
Batting: RHB Cory Bonham
|
0-0: Ball 1-0: SINGLE (Line Drive, 4MD, EV 107.5 MPH)
|
Batting: RHB Ioan Biros
|
0-0: DOUBLE (Flyball, 8LD, EV 110.0 MPH) Cory Bonham to third Runner from 3rd tries for Home, SAFE, throw by CF to trailing runner, SAFE at third!
|
Batting: RHB Joe Hewitt
|
0-0: Fly out, F8 (Flyball, 8RD, EV 76.9 MPH) Runner from 3rd tags up, SCORES, throw by CF
|
Batting: RHB Vaclav Been
|
0-0: Called Strike 0-1: Ground out 4-3 (Groundball, 4, EV 90.0 MPH)
|
Batting: SHB Ben Myers
|
0-0: Called Strike 0-1: Called Strike 0-2: Ball 1-2: Ball 2-2: Strikes out swinging
|
Top of the 3rd over - 2 runs, 2 hits, 0 errors, 0 left on base; Lakewood 2 - Greensboro 1 |
BOTTOM OF THE 3RD |
Greensboro Grasshoppers batting - Pitching for Lakewood BlueClaws : RHP Danny Zuniga
|
Batting: RHB Chris Alft
|
0-0: Called Strike 0-1: Swinging Strike 0-2: Strikes out swinging
|
Batting: RHB J.D. Vander Klok
|
0-0: Ball 1-0: Swinging Strike 1-1: Foul Ball, location: 2F 1-2: Fly out, F9 (Flyball, 89D, EV 94.4 MPH)
|
Batting: LHB David Doge
|
0-0: Reached on error, E6 (Groundball, 6, EV 107.5 MPH)
|
Batting: RHB Akira Suzuki
|
0-0: Called Strike David Doge steals 2nd base (no throw) 0-1: Ball 1-1: Swinging Strike 1-2: Foul Ball, location: 2F 1-2: Ball 2-2: Ball 3-2: Foul Ball, location: 2F 3-2: Ground out 5-3 (Groundball, 56, EV 90.6 MPH)
|
Bottom of the 3rd over - 0 runs, 0 hits, 1 error, 1 left on base; Lakewood 2 - Greensboro 1 |
TOP OF THE 4TH |
Lakewood BlueClaws batting - Pitching for Greensboro Grasshoppers : RHP Javy Balderrama
|
Batting: LHB Eric Farren
|
0-0: Called Strike 0-1: Called Strike 0-2: Ball 1-2: Ball 2-2: Ball 3-2: Fly out, F7 (Line Drive, 7, EV 96.9 MPH)
|
Batting: SHB Gabe Fraunfelder
|
0-0: Ball 1-0: Swinging Strike 1-1: Ball 2-1: SINGLE (Groundball, 4MD, EV 95.0 MPH)
|
Batting: RHB Frank Ramirez
|
0-0: Called Strike 0-1: Called Strike Gabe Fraunfelder is caught stealing 2nd base 2-4 0-2: Strikes out looking
|
Top of the 4th over - 0 runs, 1 hit, 0 errors, 0 left on base; Lakewood 2 - Greensboro 1 |
BOTTOM OF THE 4TH |
Greensboro Grasshoppers batting - Pitching for Lakewood BlueClaws : RHP Danny Zuniga
|
Batting: RHB Manuel Taveras
|
0-0: Ball 1-0: Ball 2-0: Fly out, F3 (Popup, 3L, EV 60.6 MPH)
|
Batting: SHB Matt Moore
|
0-0: Ball 1-0: Ball 2-0: Called Strike 2-1: Swinging Strike 2-2: Ball 3-2: Strikes out swinging
|
Batting: RHB Nate Crofts
|
0-0: Called Strike 0-1: Foul Ball, location: 2F 0-2: Ball 1-2: Foul Ball, location: 2F 1-2: Ball 2-2: Ball 3-2: Foul Ball, location: 2F 3-2: Fly out, F8 (Line Drive, 8RD, EV 84.4 MPH)
|
Bottom of the 4th over - 0 runs, 0 hits, 0 errors, 0 left on base; Lakewood 2 - Greensboro 1 |
TOP OF THE 5TH |
Lakewood BlueClaws batting - Pitching for Greensboro Grasshoppers : RHP Javy Balderrama
|
Batting: RHB Marcus Dawson
|
0-0: Ball 1-0: SOLO HOME RUN (Line Drive, 7LD, EV 95.0 MPH), Distance : 348 ft
|
Batting: RHB Cory Bonham
|
0-0: Called Strike 0-1: Ball 1-1: Foul Ball, location: 2F 1-2: Ball 2-2: Ball 3-2: Ground out 6-3 (Groundball, 6, EV 83.8 MPH)
|
Batting: RHB Ioan Biros
|
0-0: Ball 1-0: Ball 2-0: Foul Ball, location: 2F 2-1: Reached on error, E4 (Groundball, 4, EV 110.6 MPH)
|
Batting: RHB Joe Hewitt
|
0-0: Fielders Choice at 2nd, 5-4 (Groundball, 56, EV 88.1 MPH)
|
Batting: RHB Vaclav Been
|
0-0: Called Strike 0-1: Foul Ball, location: 2F 0-2: Strikes out swinging
|
Top of the 5th over - 1 run, 1 hit, 1 error, 1 left on base; Lakewood 3 - Greensboro 1 |
BOTTOM OF THE 5TH |
Greensboro Grasshoppers batting - Pitching for Lakewood BlueClaws : RHP Danny Zuniga
|
Batting: RHB Jim Fisher
|
0-0: Ball 1-0: Foul Ball, location: 2F 1-1: Ball 2-1: TRIPLE (Line Drive, 89XD, EV 111.2 MPH)
|
Batting: RHB Dennis Coppolino
|
0-0: Ball 1-0: Ball 2-0: Foul Ball, location: 2F 2-1: Ball 3-1: Called Strike 3-2: 2-RUN HOME RUN (Flyball, 7LD, EV 96.2 MPH), Distance : 337 ft
|
Batting: RHB Chris Alft
|
0-0: Called Strike 0-1: Ball 1-1: Ball 2-1: Called Strike 2-2: Foul Ball, location: 2F 2-2: Strikes out swinging
|
Batting: RHB J.D. Vander Klok
|
0-0: Swinging Strike 0-1: Ball 1-1: Foul Ball, location: 2F 1-2: Ball 2-2: Ball 3-2: Strikes out swinging
|
Batting: LHB David Doge
|
0-0: Ball 1-0: Swinging Strike 1-1: Ball 2-1: Called Strike 2-2: Ball 3-2: Base on Balls
|
Batting: RHB Akira Suzuki
|
0-0: Called Strike 0-1: Called Strike David Doge steals 2nd base (no throw) 0-2: Ground out 5-3 (Groundball, 5S, EV 72.5 MPH)
|
Bottom of the 5th over - 2 runs, 2 hits, 0 errors, 1 left on base; Lakewood 3 - Greensboro 3 |
TOP OF THE 6TH |
Lakewood BlueClaws batting - Pitching for Greensboro Grasshoppers : RHP Javy Balderrama
|
Batting: SHB Ben Myers
|
0-0: Ball 1-0: Swinging Strike 1-1: Called Strike 1-2: Fly out, F4 (Popup, 23, EV 91.9 MPH)
|
Batting: LHB Eric Farren
|
0-0: Ball 1-0: Ball 2-0: SINGLE (Groundball, 34D, EV 102.5 MPH)
|
Batting: SHB Gabe Fraunfelder
|
0-0: Called Strike 0-1: Ball Eric Farren steals 2nd base 1-1: Swinging Strike 1-2: Ball 2-2: Foul Ball, location: 2F 2-2: Foul Ball, location: 2F 2-2: Foul Ball, location: 2F 2-2: Foul Ball, location: 2F 2-2: SINGLE (Line Drive, 9LS, EV 105.6 MPH) Eric Farren to third
|
Pitching: LHP Geoff Goss
|
|
Batting: RHB Frank Ramirez
|
0-0: Foul Ball, location: 2F 0-1: Swinging Strike 0-2: Ball 1-2: Ball 2-2: Ball 3-2: Single, Error in OF, E8, batter to second base (Line Drive, 8LS, EV 98.1 MPH) Eric Farren scores Gabe Fraunfelder to third
|
Batting: RHB Marcus Dawson
|
0-0: Ball 1-0: Called Strike 1-1: DOUBLE (Line Drive, 89D, EV 106.9 MPH) Gabe Fraunfelder scores Frank Ramirez scores
|
Batting: RHB Cory Bonham
|
0-0: Called Strike 0-1: Swinging Strike 0-2: Ball 1-2: Strikes out looking
|
Batting: RHB Ioan Biros
|
0-0: Foul Ball, location: 2F 0-1: Foul Ball, location: 2F 0-2: Ball 1-2: Ground out U3 (Groundball, 34, EV 87.5 MPH)
|
Top of the 6th over - 3 runs, 4 hits, 1 error, 1 left on base; Lakewood 6 - Greensboro 3 |
BOTTOM OF THE 6TH |
Greensboro Grasshoppers batting - Pitching for Lakewood BlueClaws : RHP Danny Zuniga
|
Pitching: RHP Joe Green
|
|
Batting: RHB Manuel Taveras
|
0-0: Called Strike 0-1: Swinging Strike 0-2: Ball 1-2: Ball 2-2: Foul Ball, location: 2F 2-2: Hit by Pitch
|
Batting: SHB Matt Moore
|
0-0: Swinging Strike 0-1: Foul Ball, location: 2F 0-2: Strikes out swinging
|
Batting: RHB Nate Crofts
|
0-0: Called Strike 0-1: Ball 1-1: SINGLE (Groundball, 34D, EV 105.0 MPH) Manuel Taveras to second Runner from 2nd tries for 3rd, SAFE, throw by RF made to third
|
Batting: RHB Jim Fisher
|
0-0: Grounds into double play, 4-6-3 (Groundball, 4D, EV 91.2 MPH)
|
Bottom of the 6th over - 0 runs, 1 hit, 0 errors, 1 left on base; Lakewood 6 - Greensboro 3 |
TOP OF THE 7TH |
Lakewood BlueClaws batting - Pitching for Greensboro Grasshoppers : LHP Geoff Goss
|
Batting: RHB Joe Hewitt
|
0-0: Ball 1-0: Called Strike 1-1: DOUBLE (Groundball, 5L, EV 100.6 MPH)
|
Batting: RHB Vaclav Been
|
0-0: Ball 1-0: Ball 2-0: Ball 3-0: Called Strike 3-1: Ground out U3 (Groundball, 3, EV 85.0 MPH) Joe Hewitt to third
|
Batting: SHB Ben Myers
|
0-0: Ball 1-0: Ball 2-0: Fly out, F8 (Flyball, 8RD, EV 93.1 MPH) Runner from 3rd tags up, SCORES, throw by CF
|
Batting: LHB Eric Farren
|
0-0: Foul Ball, location: 2F 0-1: Ball 1-1: Foul Ball, location: 2F 1-2: Ball 2-2: Foul Ball, location: 2F 2-2: Strikes out swinging
|
Top of the 7th over - 1 run, 1 hit, 0 errors, 0 left on base; Lakewood 7 - Greensboro 3 |
BOTTOM OF THE 7TH |
Greensboro Grasshoppers batting - Pitching for Lakewood BlueClaws : RHP Joe Green
|
Pitching: RHP Javier Perez
|
|
Batting: RHB Dennis Coppolino
|
0-0: Swinging Strike 0-1: Swinging Strike 0-2: Foul Ball, location: 2F 0-2: Ball 1-2: Foul Ball, location: 2F 1-2: Ball 2-2: Foul Ball, location: 2F 2-2: Strikes out swinging
|
Batting: RHB Chris Alft
|
0-0: Ball 1-0: Called Strike 1-1: Foul Ball, location: 2F 1-2: Ground out 4-3 (Groundball, 4, EV 104.4 MPH)
|
Batting: RHB J.D. Vander Klok
|
0-0: Called Strike 0-1: Foul Ball, location: 2F 0-2: Strikes out swinging
|
Bottom of the 7th over - 0 runs, 0 hits, 0 errors, 0 left on base; Lakewood 7 - Greensboro 3 |
TOP OF THE 8TH |
Lakewood BlueClaws batting - Pitching for Greensboro Grasshoppers : LHP Geoff Goss
|
Pitching: LHP Jerry Woods
|
|
Batting: SHB Gabe Fraunfelder
|
0-0: Called Strike 0-1: Swinging Strike 0-2: Strikes out looking
|
Batting: RHB Frank Ramirez
|
0-0: Ball 1-0: Foul Ball, location: 2F 1-1: SINGLE (Groundball, 4MD, EV 97.5 MPH)
|
Pitching: LHP Melvin Castro
|
|
Batting: RHB Marcus Dawson
|
0-0: Ball 1-0: Swinging Strike 1-1: Ball 2-1: Ball Frank Ramirez is caught stealing 2nd base 2-4 3-1: Foul Ball, location: 2F 3-2: Strikes out swinging
|
Top of the 8th over - 0 runs, 1 hit, 0 errors, 0 left on base; Lakewood 7 - Greensboro 3 |
BOTTOM OF THE 8TH |
Greensboro Grasshoppers batting - Pitching for Lakewood BlueClaws : RHP Javier Perez
|
Pitching: RHP Chris Miles
|
|
Batting: LHB David Doge
|
0-0: Ground out 6-3 (Groundball, 6, EV 101.9 MPH)
|
Batting: RHB Akira Suzuki
|
0-0: Ball 1-0: Fly out, F8 (Flyball, 89M, EV 83.1 MPH)
|
Batting: RHB Manuel Taveras
|
0-0: Called Strike 0-1: Ground out 5-3 (Groundball, 56S, EV 83.8 MPH)
|
Bottom of the 8th over - 0 runs, 0 hits, 0 errors, 0 left on base; Lakewood 7 - Greensboro 3 |
TOP OF THE 9TH |
Lakewood BlueClaws batting - Pitching for Greensboro Grasshoppers : LHP Melvin Castro
|
Batting: RHB Cory Bonham
|
0-0: SINGLE (Line Drive, 89S, EV 100.0 MPH)
|
Batting: RHB Ioan Biros
|
0-0: Called Strike 0-1: Ball 1-1: Grounds into double play, 5-4-3 (Groundball, 56, EV 105.0 MPH)
|
Batting: RHB Joe Hewitt
|
0-0: DOUBLE (Flyball, 8RD, EV 103.8 MPH)
|
Batting: RHB Vaclav Been
|
0-0: Ball 1-0: Ball 2-0: Foul Ball, location: 2F 2-1: 2-RUN HOME RUN (Flyball, 78XD, EV 110.0 MPH), Distance : 416 ft
|
Batting: SHB Ben Myers
|
0-0: SINGLE (Groundball, 34D, EV 101.2 MPH)
|
Batting: LHB Eric Farren
|
0-0: Foul Ball, location: 2F 0-1: Foul Ball, location: 2F 0-2: Strikes out swinging
|
Top of the 9th over - 2 runs, 4 hits, 0 errors, 1 left on base; Lakewood 9 - Greensboro 3 |
BOTTOM OF THE 9TH |
Greensboro Grasshoppers batting - Pitching for Lakewood BlueClaws : RHP Chris Miles
|
Batting: SHB Matt Moore
|
0-0: Ball 1-0: Ball 2-0: Ball 3-0: Called Strike 3-1: Swinging Strike 3-2: Foul Ball, location: 2F 3-2: Strikes out swinging
|
Batting: RHB Nate Crofts
|
0-0: Foul Ball, location: 2F 0-1: Swinging Strike 0-2: Ball 1-2: Strikes out swinging
|
Batting: RHB Jim Fisher
|
0-0: Foul Ball, location: 2F 0-1: Ball 1-1: Called Strike 1-2: Ground out 4-3 (Groundball, 4, EV 105.6 MPH)
|
Bottom of the 9th over - 0 runs, 0 hits, 0 errors, 0 left on base; Lakewood 9 - Greensboro 3 |
|